 Dungeon Crawl Stone Soup version 0.20-a0-296-gf222164 (console) character file.

1306 nht the Severer (level 8, -15/66 HPs)
             Began as a Minotaur Chaos Knight on Dec 14, 2016.
             Demolished by an orc warrior
             ... wielding a +0 glaive
              (20 damage)
             ... on level 6 of the Dungeon.
             The game lasted 00:06:53 (3248 turns).

nht the Severer (Minotaur Chaos Knight)             Turns: 3248, Time: 00:06:54

Health: -15/66     AC:  8    Str: 19      XL:     8   Next: 32%
Magic:  7/7        EV: 14    Int:  7 (9)  God:    Xom [.....*]
Gold:   393        SH:  0    Dex: 10      Spells: 7/7 levels left

rFire  . . .     SeeInvis .     a - +0 hand axe (chaos)
rCold  . . .     Gourm    +     m - +3 ring mail
rNeg   . . .     Faith    .     (no shield)
rPois  .         Spirit   .     (helmet restricted)
rElec  .         Reflect  .     (no cloak)
rCorr  .         Harm     .     (no gloves)
MR     .....                    (no boots)
Stlth  ..........               r - amulet of the gourmand
                                (no ring)
                                l - +3 ring of evasion

@: no status effects
A: retaliatory headbutt, horns 2
a: Renounce Religion


You were on level 6 of the Dungeon.
You worshipped Xom.
You were Xom's teddy bear.
You were completely stuffed.

You visited 1 branch of the dungeon, and saw 6 of its levels.

You collected 393 gold pieces.

Inventory:

Hand Weapons
 a - a +0 hand axe of chaos (weapon)
Missiles
 p - 10 tomahawks (quivered)
 q - 2 throwing nets
Armour
 m - a +3 ring mail (worn)
 n - a +0 ring mail of cold resistance
Jewellery
 l - a +3 ring of evasion (left hand)
 r - an amulet of the gourmand (around neck)
 C - an uncursed ring of ice
Scrolls
 b - a scroll of magic mapping {unknown}
 d - 6 scrolls of identify {unknown}
 e - 2 scrolls of remove curse {unknown}
 i - 4 scrolls of teleportation {unknown}
 j - a scroll of blinking {unknown}
 o - 2 scrolls of recharging {unknown}
 t - a scroll of enchant armour {unknown}
 u - a scroll of immolation {unknown}
 v - 2 scrolls of noise {unknown}
 w - a scroll of fog {unknown}
 y - a scroll of amnesia {unknown}
Potions
 f - 2 potions of cure mutation
 g - 5 potions of heal wounds
 h - 2 potions of curing
 z - a potion of agility {unknown}
 B - 3 potions of brilliance
Comestibles
 c - 4 bread rations
 k - 5 meat rations
 s - 3 fruits
 x - 2 slices of pizza
 A - a royal jelly
 D - 5 chunks of flesh


   Skills:
 + Level 3.9 Fighting
 - Level 16.1 Axes
 + Level 3.1 Armour
 + Level 1.9 Dodging


You had 7 spell levels left.
You didn't know any spells.

Dungeon Overview and Level Annotations

Branches:
Dungeon (6/15)
 Temple: D:4-7

Altars:
Ashenzari
Elyvilon
Fedhas
Hepliaklqana
Nemelex Xobeh
Vehumet
Zin
The Shining One


Innate Abilities, Weirdness & Mutations

You reflexively headbutt those who attack you in melee.
You have a pair of horns on your head.


Message History

The orc wizard looks as sick as possible!
Something hits you!
You hit something but do no damage.
Nothing appears to happen.
Your ring mail prevents you from hitting the orc wizard.
You kill the orc wizard!
Your white imp hits something but does no damage.
Something hits you!
* * * LOW HITPOINT WARNING * * *
Unknown command.
Your white imp closely misses something.
Something hits you!
* * * LOW HITPOINT WARNING * * *
You see here a tomahawk.
Something hits your quasit! Something hits your quasit!!
Your quasit dies!
Your white imp misses something.
Something hits you!!
You die...
Xom howls with laughter!

.... █..██.......█
..... █.██.......█.█
.....███..).......█.█
..................█.█
█...............█.█ █
█......█........█.█
█.██.....█........█.█
.........█.████████.█
█.██.....█.@.{..5.(.█
█..<..██.███████.█████
█..█.████.█ █......█
██.█.██.█ █.██
█))5...█
........████..█
█).....█
.█.█..........█
█......█ █
█..........█ █......█
█...........█ ....████
█.........█.█ .....█


You could see a friendly white imp.

Vanquished Creatures
  A porcupine (D:5)
  The ghost of nht the Chopper, an amateur MiCK of Xom (D:4)
  2 ogres
  Blork the orc (D:4)
  A bullfrog skeleton (D:5)
  2 hounds
  2 centaur skeletons
  3 orc wizards
  A worker ant (D:5)
  Robin (D:4)
  3 adders
  2 shadow imps
  An adder skeleton (D:4)
  3 worms
  A dart slug (D:4)
  4 leopard geckos
  14 orcs
  2 ball pythons
  12 bats
  2 giant cockroaches
  14 goblins
  9 hobgoblins
  2 jackals (D:2)
  4 quokkas
  A jackal zombie (D:6)
  2 kobolds
  9 rats
100 creatures vanquished.

Notes
Turn   | Place    | Note
-------+----------+-------------------------------------------
     0 | D:1      | nht the Minotaur Chaos Knight began the quest for the Orb.
     0 | D:1      | Reached XP level 1. HP: 19/19 MP: 0/0
    98 | D:1      | XOM: harmless Necr miscast
   109 | D:1      | Reached skill level 4 in Axes
   200 | D:1      | Reached XP level 2. HP: 19/26 MP: 1/1
   448 | D:1      | XOM: harmless Divn miscast
   551 | D:2      | Reached skill level 5 in Axes
   551 | D:2      | XOM: potion effect (brilliance)
   554 | D:2      | Reached XP level 3. HP: 31/31 MP: 2/2
  1265 | D:3      | Reached XP level 4. HP: 39/39 MP: 3/3
  1269 | D:3      | Reached skill level 6 in Axes
  1414 | D:3      | XOM: noise
  1665 | D:3      | Found a glowing silver altar of Zin.
  1665 | D:3      | Found a glowing golden altar of the Shining One.
  1666 | D:3      | Found a white marble altar of Elyvilon.
  1831 | D:4      | Noticed nht's ghost (amateur MiCK)
  1831 | D:4      | XOM: medium Pois miscast
  1836 | D:4      | Reached XP level 5. HP: 45/45 MP: 4/4
  1842 | D:4      | Killed nht's ghost
  1842 | D:4      | Reached skill level 7 in Axes
  2058 | D:4      | Reached skill level 8 in Axes
  2076 | D:4      | Reached XP level 6. HP: 50/51 MP: 5/5
  2105 | D:4      | Found a sparkling altar of Nemelex Xobeh.
  2137 | D:4      | Noticed Robin
  2151 | D:4      | Killed Robin
  2216 | D:4      | XOM: potion effect (haste)
  2217 | D:4      | Found a blossoming altar of Fedhas.
  2221 | D:4      | XOM: enchant monster (good)
  2259 | D:4      | Noticed Blork the orc
  2267 | D:4      | Killed Blork the orc
  2289 | D:4      | Reached skill level 9 in Axes
  2581 | D:4      | Found a hazy altar of Hepliaklqana.
  2663 | D:5      | Entered Level 5 of the Dungeon
  2666 | D:5      | Reached skill level 16 in Axes
  2666 | D:5      | Reached XP level 7. HP: 57/57 MP: 6/6
  2680 | D:5      | Reached XP level 8. HP: 47/66 MP: 7/7
  2712 | D:5      | Found a radiant altar of Vehumet.
  2883 | D:5      | Found a shattered altar of Ashenzari.
  3078 | D:5      | XOM: god gift: bone ring {god gift}
  3234 | D:6      | XOM: summons 2 friendly demons
  3239 | D:6      | HP: 3/66 [something (15)]
  3248 | D:6      | Demolished by an orc warrior

Vault maps used:
D:1:      mrwooster_arrival_arrow
D:3:      good_gods_temple_1, first_bread, minmay_distorted
D:4:      minmay_door_path, nemelex_xobeh_ov_fountains_minmay,
          lemuel_coloured_pillars_altar, fedhas_altar_1, uniq_blork_the_orc,
          uniq_robin
D:5:      ashenzari_conservatory_becter, nicolae_overflow_crystal_walls
D:6:      yredelemnul_altar_generic, cheibrodos_ashenzari_chains, uniq_sigmund

Skill      XL: |  1  2  3  4  5  6  7  8 |
---------------+-------------------------+-----
Axes           | 4 5 6 8 16 | 16.1
Armour         | 3 |  3.1
Fighting       | |  3.9
Dodging        | |  1.9

Action                   |  1- 3 |  4- 6 |  7- 9 || total
-------------------------+-------+-------+-------++-------
Melee: Hand axe          |    70 |    99 |    40 ||   209
       Headbutt          |     9 |    16 |    12 ||    37
  Use: Potion            |       |     9 |       ||     9
 Stab: Paralysed         |     2 |     2 |     1 ||     5
       Confused          |       |       |     1 ||     1
  Eat: Chunk             |     1 |    16 |     2 ||    19
Armor: Leather armour    |    26 |       |       ||    26
       Ring mail         |     3 |    31 |     6 ||    40
Dodge: Dodged            |    62 |    58 |    11 ||   131
